 Dungeon Crawl Stone Soup version 0.19.1-1-g22dce08 (webtiles) character file.

37 Boing the Conjurer (level 3, 0/19 HPs)
             Began as a Deep Elf Conjurer on Jan 14, 2017.
             Was an Initiate of Ru.
             Slain by an orc priest
             ... wielding a +0 flail
              (12 damage)
             ... on level 3 of the Dungeon.
             The game lasted 00:09:13 (751 turns).

Boing the Conjurer (Deep Elf Conjurer)               Turns: 751, Time: 00:09:14

Health: 0/19       AC:  2    Str:  5    XL:     3   Next: 23%
Magic:  0/9        EV: 13    Int: 20    God:    Ru [......]
Gold:   23         SH:  0    Dex: 15    Spells: 3 memorised, 2 levels left

rFire  . . .     SeeInvis .     d - +0 short sword
rCold  . . .     Gourm    .     a - +0 robe
rNeg   . . .     Faith    .     (no shield)
rPois  .         Spirit   .     (no helmet)
rElec  .         Reflect  .     (no cloak)
rCorr  .         Harm     .     (no gloves)
MR     .....                    (no boots)
Stlth  ++........               (no amulet)
                                (no ring)
                                (no ring)

@: no status effects
A: no striking features
a: Renounce Religion


You were on level 3 of the Dungeon.
You worshipped Ru.
Ru was noncommittal.
You were not hungry.

You visited 1 branch of the dungeon, and saw 3 of its levels.

You collected 23 gold pieces.

Inventory:

Hand Weapons
 d - a +0 short sword (weapon)
Missiles
 e - a stone (quivered)
Armour
 a - a +0 robe (worn)
Wands
 f - a wand of random effects (35/48)
Books
 b - a book of Conjurations

   Spells                             Type                      Level
   a - Magic Dart                     Conjuration                  1
   b - Searing Ray                    Conjuration                  2
   c - Dazzling Spray                 Conjuration/Hexes            3
   d - Fulminant Prism                Conjuration/Hexes            4
   e - Iskenderun's Mystic Blast      Conjuration                  4
   f - Iskenderun's Battlesphere      Conjuration/Charms           5
Comestibles
 c - 3 bread rations
 g - a beef jerky


   Skills:
 + Level 2.7 Dodging
 + Level 2.5 Stealth
 + Level 3.4 Spellcasting
 + Level 5.2 Conjurations


You had 2 spell levels left.
You knew the following spells:

 Your Spells              Type           Power        Failure   Level  Hunger
a - Magic Dart            Conj           ###.         1%          1    None
b - Searing Ray           Conj           ###...       2%          2    ##.....
c - Dazzling Spray        Conj/Hex       ##....       17%         3    ###....


Dungeon Overview and Level Annotations

Branches:
Dungeon (3/15)

Altars:
Ru
Xom


Message History

The orc priest is heavily wounded.
The orc priest closely misses you.
The orc priest calls upon Beogh to heal the orc priest.
The orc priest is healed somewhat.
Casting: Magic Dart
Confirm with . or Enter, or press ? or * to list all spells.
Aiming: Magic Dart
Press: ? - help, Shift-Dir - straight line, p - orc priest
Okay, then.
Casting: Magic Dart
Confirm with . or Enter, or press ? or * to list all spells.
Aiming: Searing Ray
Press: ? - help, Shift-Dir - straight line, f/p - orc priest
Aim: an orc priest, wearing a leather armour (heavily wounded)
The searing ray hits the orc priest.
The orc priest is severely wounded.
The orc priest hits you with a flail!
Ouch! That really hurt!
You die...
Xom thinks this is hilarious!

.# ###.# ....#
##...# ....#
#...# #...#
#######.@.#
........o.#
##########".o.#
#<..........r.#
##########.#..#
#....# #.#....
#.####.# ### ##


You could see 2 orc priests and a rat.

Vanquished Creatures
  An adder (D:3)
  A leopard gecko (D:1)
  An orc (D:3)
  3 giant cockroaches (D:1)
  2 goblins
  A hobgoblin (D:2)
  4 jackals (D:2)
  A quokka (D:2)
  3 bats (D:1)
  3 frilled lizards
  3 kobolds (D:1)
  A butterfly (D:2)
24 creatures vanquished.

Notes
Turn   | Place    | Note
-------+----------+-------------------------------------------
     0 | D:1      | Boing the Deep Elf Conjurer began the quest for the Orb.
     0 | D:1      | Reached XP level 1. HP: 10/10 MP: 6/6
   380 | D:1      | Reached XP level 2. HP: 15/15 MP: 4/8
   388 | D:1      | Learned a level 2 spell: Searing Ray
   503 | D:2      | Found a shimmering altar of Xom.
   516 | D:2      | Became a worshipper of Xom of Chaos
   529 | D:2      | XOM: silly message
   533 | D:2      | Reached skill level 5 in Conjurations
   638 | D:2      | Found a sacrificial altar of Ru.
   646 | D:2      | Fell from the grace of Xom
   646 | D:2      | Became a worshipper of Ru the Awakened
   704 | D:3      | Reached XP level 3. HP: 15/19 MP: 6/9
   734 | D:3      | Learned a level 3 spell: Dazzling Spray
   751 | D:3      | Slain by an orc priest

Skill      XL: |  1  2 |
---------------+-------+-----
Conjurations   | 5 |  5.2
Dodging        | |  2.7
Stealth        | |  2.5
Spellcasting   | |  3.4

Action                   || total
-------------------------++-------
Melee: Unarmed           ||    10
       Short sword       ||    20
Throw: Stone             ||     5
 Cast: Magic Dart        ||    28
       Searing Ray       ||     5
  Use: Scroll            ||     1
Armor: Robe              ||     3
Dodge: Dodged            ||    31
